AoeStats
← MDMA!

Arabia

506710024Analyzed
2v2 RM · 17d ago on Sep 14, 2026· 27m 48s· 4 players
Game mode
Random Map
Map size
Medium (4 player)
Population
200
Speed
Normal
Resources
Standard
Victory
Conquest
Starting age
Dark Age
Ending age
Imperial Age
RankedLock teamsTeams togetherTeam positionsShared explorationLock speedFull tech treeHidden civsTurbo modeCheats
Victory
Defeat
🇹🇷 Huns · Türkiye
965
+15
🇹🇷 Portuguese · Türkiye
914
+17
🇦🇷 Khitans · Argentina
960
-17
🇦🇷 Khmer · Argentina
912
-15
MDMA!
6:21 Loom
9:07 Feudal Age
11:07 Double-Bit Axe
13:49 Wheelbarrow
28:13 Forging
Cocucho...
1:45 Loom
12:49 Feudal Age
13:45 Double-Bit Axe
14:54 Domestication
23:59 Fletching
24:09 Padded Archer Armor
24:20 Forging
24:15 Scale Barding Armor
27:30 Wheelbarrow
blackout
7:27 Loom
9:34 Feudal Age
10:51 Double-Bit Axe
14:39 Forging
17:22 Fletching
19:43 Bloodlines
23:41 Castle Age
23:45 Scale Barding Armor
23:36 Gold Mining
24:23 Wheelbarrow
23:43 Horse Collar
24:38 Heavy Plow
25:21 Husbandry
26:01 Bow Saw
27:58 Chain Barding Armor
mustajjj
7:45 Loom
11:01 Feudal Age
11:30 Horse Collar
11:36 Double-Bit Axe
13:00 Man-at-Arms
17:20 Gold Mining
17:37 Arson
22:40 Castle Age
21:54 Wheelbarrow
21:11 Stone Mining
24:43 Bow Saw
24:34 Heavy Plow
27:57 Hand Cart
Connection lost

Rejoining the realm…

Still unreachable

The connection could not be restored.

Session expired

The server has moved on; the page needs a fresh start.